AoeStats
← Fto

Arabia

509406730Analyzed
1v1 RM · 7d ago on Sep 26, 2026· 53m 43s· 2 players
Game mode
Random Map
Map size
Tiny (2 player)
Population
200
Speed
Normal
Resources
Standard
Victory
Conquest
Starting age
Dark Age
Ending age
Imperial Age
RankedLock teamsTeams togetherTeam positionsShared explorationLock speedFull tech treeHidden civsTurbo modeCheats
Victory
Defeat
🇺🇸 Vikings · United States
1346
+15
🇦🇷 Dravidians · Argentina
1320
-15
Fto
6:44 Loom
8:59 Feudal Age
9:00 Man-at-Arms
9:30 Double-Bit Axe
14:26 Fletching
16:59 Horse Collar
19:55 Padded Archer Armor
20:46 Arson
24:50 Castle Age
23:16 Gold Mining
25:33 Bodkin Arrow
26:01 Leather Archer Armor
28:42 Heavy Plow
35:22 Thumb Ring
35:39 Stone Mining
39:00 Wheelbarrow
39:52 Light Cavalry
40:33 Husbandry
43:07 Scale Barding Armor
43:13 Forging
48:07 Imperial Age
45:29 Long Swordsman
45:54 Gambesons
46:10 Squires
46:10 Scale Mail Armor
46:46 Iron Casting
46:32 Chain Barding Armor
47:10 Chain Mail Armor
48:13 Two-Handed Swordsman
49:58 Blast Furnace
49:18 Champion
L3375
6:05 Loom
9:38 Feudal Age
9:42 Man-at-Arms
10:09 Double-Bit Axe
18:27 Fletching
26:00 Castle Age
24:21 Horse Collar
24:32 Gold Mining
24:45 Scale Mail Armor
26:06 Town Watch
26:38 Elite Skirmisher
26:40 Long Swordsman
27:19 Bodkin Arrow
27:41 Bow Saw
27:37 Squires
27:19 Pikeman
30:17 Chain Mail Armor
31:55 Padded Archer Armor
35:46 Leather Archer Armor
35:43 Forging
44:53 Imperial Age
45:33 Chieftains
45:00 Elite Varangian Guard
45:44 Bracer
46:15 Plate Mail Armor
46:22 Iron Casting
46:14 Conscription
45:28 Elite Berserk
47:06 Arson
47:55 Ring Archer Armor
47:32 Scale Barding Armor
47:07 Two-Handed Swordsman
47:10 Crossbowman
48:13 Ballistics
47:52 Murder Holes
48:08 Champion
50:20 Chemistry
49:07 Arbalester
50:48 Blast Furnace
53:15 Masonry
Connection lost

Rejoining the realm…

Still unreachable

The connection could not be restored.

Session expired

The server has moved on; the page needs a fresh start.